 Dungeon Crawl Stone Soup version 0.24-a0-179-g7a2c91a (console) character file.

Game seed: 16568977644518700559

46 Duffy the Conjurer (level 3, 20/21 HPs)
             Began as an Octopode Fire Elementalist on Mar 13, 2019.
             Quit the game on level 2 of the Dungeon.
             The game lasted 00:02:15 (1874 turns).

Duffy the Conjurer (Octopode Fire Elementalist)     Turns: 1874, Time: 00:02:15

Health: 20/21      AC:  1    Str:  7    XL:     3   Next: 66%
Magic:  1/6        EV: 13    Int: 18    God:
Gold:   65         SH:  0    Dex: 12    Spells: 1/6 levels left

rFire    . . .     SeeInvis .   (no weapon)
rCold    . . .     Gourm    .   (no shield)
rNeg     . . .     Faith    .   (helmet restricted)
rPois    .         Spirit   .   (no amulet)
rElec    .         Reflect  .   (no ring)
rCorr    .         Harm     .   (no ring)
MR       .....                  (no ring)
Stlth    +++.......             (no ring)
HPRegen  0.07/turn              (no ring)
MPRegen  0.10/turn              (no ring)
                                (no ring)
                                (no ring)

@: no status effects
A: almost no armour, stealthy swim, amphibious, 8 rings, constrict 8, camouflage
1, gelatinous body 1
a: no special abilities


You were on level 2 of the Dungeon.
You were hungry.

You visited 1 branch of the dungeon, and saw 2 of its levels.

You collected 65 gold pieces.

Inventory:

Scrolls
 e - a scroll of identify
 f - a scroll of enchant armour {unknown}
Potions
 a - 2 potions of lignification {unknown}
 c - a potion of heal wounds {unknown}
 d - a potion of flight {unknown}
Comestibles
 b - 3 rations


   Skills:
 - Level 2.0 Dodging
 - Level 2.6 Stealth
 + Level 2.1 Spellcasting
 + Level 3.1 Conjurations
 + Level 3.1 Fire Magic


You had one spell level left.
You knew the following spells:

 Your Spells              Type           Power        Failure   Level  Hunger
h - Throw Flame           Conj/Fire      ##....       8%          2    ###....
l - Conjure Flame         Conj/Fire      ##......     14%         3    ###....

Your spell library contained the following spells:

 Spells                   Type           Power        Failure   Level  Hunger
 Flame Tongue             Conj/Fire      ##...        4%          1    #......
 Inner Flame              Hex/Fire       #.......     28%         3    ###....
 Sticky Flame             Conj/Fire      ##......     43%         4    #####..
 Fireball                 Conj/Fire      ##........   80%         5    ######.


Dungeon Overview and Level Annotations

Branches:
Dungeon (2/15)

Altars:
Hepliaklqana
Uskayaw


Innate Abilities, Weirdness & Mutations

You cannot wear most types of armour.
You are very stealthy in the water. (Stealth+)
You are amphibious.
You can wear up to eight rings at the same time.
You can use your tentacles to constrict eight enemies at once.
Your skin changes colour to match your surroundings (Stealth+).
Your rubbery body absorbs attacks. (AC +1, EV +1)


Message History

A goblin comes into view. It is wielding a +0 dagger.
Are you sure you want to abandon this character and quit the game? (Confirm with "yes".)
Okay, then.
Cast which spell? (? or * to list)
You don't have enough magic to cast that spell.
Cast which spell? (? or * to list)
You don't have enough magic to cast that spell.
The goblin closely misses you.
Cast which spell? (? or * to list)
You don't have enough magic to cast that spell.
You tentacle-slap the goblin. You grab the goblin.
The goblin is heavily wounded.
You constrict the goblin. The goblin hits you with a +0 dagger.
You tentacle-slap the goblin but do no damage.
You squeeze the goblin.
You kill the goblin!
c - a red potion;
f - a scroll labeled ECSOPT LINO
Things that are here:
a +0 dagger; a goblin corpse Are you sure you want to abandon this character and quit the game? (Confirm with "yes".)

#.......# .#.. ..#
...)%..# ..#.# #..
##.....# ...#.# #..
#......##.!..#.# #..
#............#(# #..
#....#.##....#.####..
#....#.# .#.......
#.###..).#.# #.####(.
.......@.#.# #.# #..
#.###....#.# #.# #..
#....#.# #)# #..
......#.# #.####..
########.#
#####....... #.#
#........... #.#
#.########## #.# #.#
#.###.#


There were no monsters in sight!

Vanquished Creatures
  2 dart slugs
  2 worms
  A leopard gecko (D:1)
  A giant cockroach (D:1)
  5 goblins
  7 hobgoblins
  4 kobolds
  A quokka (D:2)
  4 bats
  3 frilled lizards
  4 rats
34 creatures vanquished.

Notes
Turn   | Place    | Note
-------+----------+-------------------------------------------
     0 | D:1      | Duffy the Octopode Fire Elementalist began the quest for
                  | the Orb.
     0 | D:1      | Reached XP level 1. HP: 11/11 MP: 3/3
   113 | D:1      | Reached XP level 2. HP: 17/17 MP: 0/5
   852 | D:1      | Reached XP level 3. HP: 13/21 MP: 1/6
   857 | D:1      | Learned a level 3 spell: Conjure Flame
  1216 | D:2      | Found a hide-covered altar of Uskayaw.
  1245 | D:2      | Learned a level 2 spell: Throw Flame
  1253 | D:2      | Noticed a +0 dagger
  1253 | D:2      | Noticed a +4 hand axe
  1463 | D:2      | Found a hazy altar of Hepliaklqana.
  1874 | D:2      | Quit the game

Levels and vault maps discovered:
D:1:      evilmike_arrival_run_for_it, layout_rooms
D:2:      layout_basic, dancing_weapons_uskayaw, lemuel_round_altar,
          chequers_ecumenical_altar_simple_redux

Skill      XL: |  1  2  3 |
---------------+----------+-----
Conjurations   | 2 3 |  3.1
Dodging        | |  2.0
Stealth        | |  2.6
Spellcasting   | |  2.1
Fire Magic     | |  3.1

Action                   || total
-------------------------++-------
Melee: Unarmed           ||    19
       Constrict         ||     5
       Tentacles         ||     3
 Cast: Flame Tongue      ||    44
       Throw Flame       ||    18
  Use: Scroll            ||     3
  Eat: Chunk             ||     4
Dodge: Dodged            ||    27

Table legend:
 A = Non-vault XP
 B = Vault XP
 C = Vault XP percentage of total XP
 D = Non-vault monster count
 E = Vault monster count
 F = Vault count percentage of total count
                 A         B        C        D         E       F
            +---------+---------+-------+---------+---------+-------
      Total |      62 |       4 |   6.1 |      33 |       1 |   2.9
            +---------+---------+-------+---------+---------+-------
        D:1 |      34 |       4 |  10.5 |      18 |       1 |   5.3
        D:2 |      28 |       0 |   0.0 |      15 |       0 |   0.0
            +---------+---------+-------+---------+---------+-------
